 Dungeon Sprint DCSS version 0.22-a0-460-g49b1da7 (webtiles) character file.

1241 emperorscorpion the Thaumaturge (level 8, -12/48 HPs)
             Began as a Deep Elf Air Elementalist on June 9, 2018.
             Was an Elder of Sif Muna.
             Hit by a large rock thrown by a cyclops (44 damage)
             ... in the Dungeon (Sprint IX: "|||||||||||||||||||||||||||||").
             The game lasted 00:03:43 (630 turns).

emperorscorpion the Thaumaturge (DEAE)               Turns: 630, Time: 00:03:43

Health: -12/48     AC:  3    Str:  5    XL:     8   Next: 25%
Magic:  20/25      EV: 19    Int: 22    God:    Sif Muna [****..]
Gold:   0          SH:  0    Dex: 19    Spells: 18/30 levels left

rFire    . . .     SeeInvis .   b - staff of energy
rCold    . . .     Gourm    .   (no shield)
rNeg     . . .     Faith    .   m - +0 robe
rPois    .         Spirit   .   (no helmet)
rElec    .         Reflect  .   (no cloak)
rCorr    .         Harm     .   n - +0 pair of gloves
MR       .....     NoTele   +   (no boots)
Stlth    +++.......             (no amulet)
HPRegen  0.16/turn              o - +3 ring of dexterity
MPRegen  0.19/turn              p - +2 ring of evasion

@: no status effects
A: no striking features
a: Divine Energy, Channel Magic, Forget Spell, Renounce Religion


You were in the Dungeon.
You worshipped Sif Muna.
Sif Muna was greatly pleased with you.
You were not hungry.

You visited 1 branch

Inventory:

Hand Weapons
 a - a +2 morningstar of protection
Armour
 m - a +0 robe (worn)
 n - a +0 pair of gloves (worn)
Magical Staves
 b - an uncursed staff of energy (weapon)
Jewellery
 o - a +3 ring of dexterity (left hand)
 p - a +2 ring of evasion (right hand)
Wands
 k - a wand of iceblast (6)
Scrolls
 h - 3 scrolls of remove curse
 i - 2 scrolls of blinking
 j - 2 scrolls of amnesia
Potions
 d - 5 potions of curing
 e - a potion of heal wounds
 f - a potion of haste
 g - 4 potions of magic
 l - a potion of invisibility
Comestibles
 c - a ration


   Skills:
 * Level 4.5 Fighting
 + Level 0.3 Maces & Flails
 + Level 6.5 Dodging
 + Level 4.8 Stealth
 - Level 1.4 Unarmed Combat
 * Level 11.9 Spellcasting
 + Level 5.4 Conjurations
 * Level 7.8 Charms
 + Level 9.9 Air Magic
 * Level 5.7 Invocations
 + Level 2.6 Evocations


You had 18 spell levels left.
You knew the following spells:

 Your Spells              Type           Power        Failure   Level  Hunger
a - Shock                 Conj/Air       ####         1%          1    None
b - Airstrike             Air            ######....   1%          4    None
c - Swiftness             Chrm/Air       ######..     1%          2    None
d - Lightning Bolt        Conj/Air       #####.....   6%          5    None

Your spell library contained the following spells:

 Spells                   Type           Power        Failure   Level  Hunger
 Static Discharge         Conj/Air       #####...     1%          3    None


Dungeon Overview and Level Annotations

Branches:
Dungeon (1/1)

Altars:
Cheibriados
Dithmenos
Elyvilon
Fedhas
Gozag
Hepliaklqana
Kikubaaqudgha
Makhleb
Nemelex Xobeh
Okawaru
Qazlal
Ru
Sif Muna
Trog
Uskayaw
Vehumet
Wu Jian
Xom
Yredelemnul
Zin
The Shining One
Beogh
Jiyva
Lugonu


Message History

The cyclops throws a large rock.
The large rock hits you!!!
Ouch! That really hurt!
* * * LOW HITPOINT WARNING * * *
There is an open door to the Dungeon, spattered with blood here.
You see here a large rock.
The cyclops throws a large rock.
The large rock barely misses you.
Items here: ) [[ ÷ a spear; a ring mail; a shield; a gnoll skeleton You feel much better.
Casting: Airstrike (safe; 1% risk of failure)
Confirm with . or Enter, or press ? or * to list all spells.
Aiming: Lightning Bolt (safe; 6% risk of failure)
Press: ? - help, Shift-Dir - straight line, f - cyclops
Aim: a cyclops You hear a mighty clap of thunder!
The bolt of lightning hits the cyclops.
The cyclops is moderately wounded.
The cyclops throws a large rock.
The large rock hits you!!!
Ouch! That really hurt!
You die... ▓▓▓▓▓▓▓▓▓▓▓▓▓▓▓▓▓▓▓▓▓▓▓▓▓▓▓▓▓ _____'.).)[.[..(@.....C....GC ▓▓▓▓▓▓▓▓▓▓▓▓▓▓▓▓▓▓▓▓▓▓▓▓▓▓▓▓▓

You could see a cyclops.

Vanquished Creatures
  An ugly thing (D)
  A meliai (shapeshifter) (D)
  A wyvern (D)
  An eye of draining (D)
  A phantom (D)
  An ogre (D)
  A crocodile (D)
  A big kobold (D)
  A gnoll sergeant (D)
  A crimson imp (D)
  3 adders (D)
  An adder zombie (D)
  A quokka (D)
  4 bats (D)
  A frilled lizard (D)
  A rat (D)
21 creatures vanquished.

Notes
Turn   | Place    | Note
-------+----------+-------------------------------------------
     0 | D        | emperorscorpion the Deep Elf Air Elementalist began the quest for the Orb.
     0 | D        | Reached XP level 1. HP: 10/10 MP: 6/6
    44 | D        | Noticed a crimson imp
    44 | D        | Noticed a phantom
    48 | D        | Reached XP level 2. HP: 15/15 MP: 3/8
    58 | D        | Killed a crimson imp
    58 | D        | Reached skill level 5 in Spellcasting
    58 | D        | Reached skill level 5 in Air Magic
    58 | D        | Reached XP level 3. HP: 10/19 MP: 1/11
    69 | D        | Killed a phantom
    69 | D        | Reached skill level 5 in Dodging
    69 | D        | Reached skill level 1 in Unarmed Combat
    69 | D        | Reached skill level 6 in Spellcasting
    69 | D        | Reached XP level 4. HP: 2/24 MP: 2/14
    74 | D        | Found a roughly hewn altar of Beogh.
    74 | D        | Found a snail-covered altar of Cheibriados.
    74 | D        | Found a shadowy altar of Dithmenos.
    74 | D        | Found a white marble altar of Elyvilon.
    74 | D        | Found a blossoming altar of Fedhas.
    74 | D        | Found an opulent altar of Gozag.
    75 | D        | Found a hazy altar of Hepliaklqana.
    76 | D        | Found a viscous altar of Jiyva.
    77 | D        | Found an ancient bone altar of Kikubaaqudgha.
    78 | D        | Found a corrupted altar of Lugonu.
    79 | D        | Found a burning altar of Makhleb.
    80 | D        | Found a sparkling altar of Nemelex Xobeh.
    81 | D        | Found an iron altar of Okawaru.
    82 | D        | Found a stormy altar of Qazlal.
    83 | D        | Found a sacrificial altar of Ru.
    84 | D        | Found a deep blue altar of Sif Muna.
    85 | D        | Found a bloodstained altar of Trog.
    86 | D        | Found a hide-covered altar of Uskayaw.
    87 | D        | Found a radiant altar of Vehumet.
    88 | D        | Found an ornate altar of the Wu Jian Council.
    89 | D        | Found a shimmering altar of Xom.
    90 | D        | Found a basalt altar of Yredelemnul.
    91 | D        | Found a glowing silver altar of Zin.
    92 | D        | Became a worshipper of Sif Muna the Loreminder
    98 | D        | Learned a level 4 spell: Airstrike
   101 | D        | Learned a level 2 spell: Swiftness
   101 | D        | Found a glowing golden altar of the Shining One.
   325 | D        | Noticed a gnoll sergeant
   325 | D        | Noticed a big kobold
   325 | D        | Noticed a wyvern
   328 | D        | Reached XP level 5. HP: 28/28 MP: 12/16
   328 | D        | Reached skill level 7 in Spellcasting
   328 | D        | Reached skill level 1 in Charms
   330 | D        | Reached * piety under Sif Muna
   330 | D        | Reached skill level 1 in Fighting
   331 | D        | Reached skill level 8 in Spellcasting
   331 | D        | Reached XP level 6. HP: 25/35 MP: 11/19
   333 | D        | Killed a wyvern
   333 | D        | Reached ** piety under Sif Muna
   333 | D        | Reached skill level 9 in Spellcasting
   333 | D        | Reached skill level 5 in Charms
   333 | D        | Reached skill level 1 in Evocations
   343 | D        | Learned a level 5 spell: Lightning Bolt
   369 | D        | Noticed a cyan ugly thing
   369 | D        | Noticed a yak
   369 | D        | Noticed a cyclops
   389 | D        | Noticed a meliai
   390 | D        | Killed a cyan ugly thing
   390 | D        | Reached *** piety under Sif Muna
   390 | D        | Reached skill level 10 in Spellcasting
   390 | D        | Reached skill level 5 in Conjurations
   390 | D        | Reached XP level 7. HP: 13/42 MP: 1/23
   393 | D        | Reached skill level 11 in Spellcasting
   393 | D        | Reached skill level 5 in Invocations
   396 | D        | Killed a meliai
   396 | D        | Reached **** piety under Sif Muna
   396 | D        | Reached XP level 8. HP: 48/48 MP: 4/25
   630 | D        | Hit by a large rock thrown by a cyclops

Vault maps used:
D:        linesprint

Skill      XL: |  1  2  3  4  5  6  7 |
---------------+----------------------+-----
Air Magic      | 4 5 7 8 9 |  9.9
Dodging        | 3 5 6 |  6.5
Stealth        | 3 4 |  4.8
Spellcasting   | 5 6 8 10 11 | 11.9
Conjurations   | 2 3 5 |  5.4
Unarmed Combat | 1 |  1.4
Charms         | 3 6 7 |  7.8
Fighting       | 2 3 4 |  4.5
Invocations    | 2 4 5 |  5.7
Evocations     | 2 |  2.6
Maces & Flails | |  0.3

Action                   |  1- 3 |  4- 6 |  7- 9 || total
-------------------------+-------+-------+-------++-------
Melee: Unarmed           |    15 |       |       ||    15
       Punch             |     1 |       |       ||     1
       Morningstar       |       |       |     9 ||     9
 Cast: Shock             |     9 |     4 |       ||    13
       Airstrike         |       |     4 |     4 ||     8
       Swiftness         |       |     1 |       ||     1
       Lightning Bolt    |       |       |     3 ||     3
Invok: Channel Magic     |       |       |     1 ||     1
Evoke: Wand              |       |     4 |       ||     4
       Staff of energy   |       |     4 |       ||     4
  Use: Potion            |     1 |       |     2 ||     3
Armor: Robe              |     2 |     1 |       ||     3
Dodge: Dodged            |     7 |     3 |     4 ||    14

Table legend:
 A = Spawn XP
 B = Non-spawn XP
 C = Spawn XP percentage of total XP
 D = Spawn monster count
 E = Non-spawn monster count
 F = Spawn count percentage of total count
 G = Total turns spent on level
                    A         B        C        D         E        F      G
               +---------+---------+-------+---------+---------+-------+---------
         Total |       0 |    1774 |   0.0 |       0 |      21 |   0.0 |   630
               +---------+---------+-------+---------+---------+-------+---------
             D |       0 |    1774 |   0.0 |       0 |      21 |   0.0 |   630
               +---------+---------+-------+---------+---------+-------+---------
